Unix NetHack Version 3.7.0-62 Work-in-progress - last build Aug 2 2022 13:42:26 (7b5264baa3a103fe80b1e9c1437dbfbb09ed79b6,branch:master). Game began 2022-08-03 02:11:55, ended 2022-08-03 02:26:12. johncena, neutral male human Barbarian -------- ------ #-....... ----- ---------- |.....# #|......| |.>.-#####|.{......| #.....|# #|......| |...| ###|........| ###|....|# ##|..<...| |.... #|...(....| # ------# ## --+----- ---|- #|........| # # # ###### #--|-------## # -------- ## ##### ################## # |.[....+## -|--------- ## ############## |......|### .@..[.....| ---.-## ## ### |......)# ## |{........| ######...(|# #---|- -------- ## ...S......|### |....# #|...| #---+-- ----...----# |...| #.._.| #.....| |...|#### |...| |...| |..{.| # |...|# ----- ----- |....-### -----# |....|############# |....+# ------ Johncena the Pillager St:18/01 Dx:16 Co:17 In:8 Wi:7 Ch:7 Neutral S:708 Dlvl:5 $:60 HP:0(54) Pw:9(9) AC:6 Xp:4/112 T:2153 FoodPois Latest messages: That door is closed. The door opens. You see here a food ration. p - a food ration (3 in total). You swap places with the peaceful kitten. The hill orc hits! You miss the hill orc. The hill orc hits! You miss the hill orc. The hill orc hits! You smite the hill orc! The hill orc hits! You miss the hill orc. The hill orc hits! You kill the hill orc! You swap places with the peaceful kitten. You see here 21 gold pieces. It won't come off the hinges. You see here 21 gold pieces. $ - 21 gold pieces (136 in total). The hill orc swings his scimitar. The hill orc hits! You kill the hill orc! There are several objects here. There are several objects here. There is a hill orc corpse here; eat it? [ynq] (n) You smite the leprechaun! The leprechaun hits! Your purse feels lighter. The leprechaun vanishes! There are several objects here. There is a hill orc corpse here; eat it? [ynq] (n) Blecch! Rotten food! You finish eating the hill orc corpse. You see here a kobold corpse. There is a kobold corpse here; eat it? [ynq] (n) Ulch - that meat was tainted! You feel deathly sick. (It must have died too long ago to be safe to eat.) Your sickness feels worse. You swap places with the peaceful garter snake. Your sickness is severe. You see here a brown potion. z - a brown potion. You are at Death's door. Where do you want to travel to? (For instructions type a '?') You die from your illness. Do you want your possessions identified? [ynq] (y) Do you want to see your attributes? [ynq] (y) Major events: Turn 1: johncena the neutral male human Barbarian entered the dungeon 993: entered the Gnomish Mines 1363: attained the rank of Pillager (level 3) 2153: poisoned by a rotted kobold corpse, while helpless Inventory: Weapons b - a blessed +0 axe (weapon in hand) Armor t - an uncursed +0 elven leather helm (being worn) x - an uncursed +0 dwarvish cloak (being worn) c - an uncursed +0 ring mail (being worn) Comestibles h - an uncursed candy bar labeled "Crispy Yum Yum" d - an uncursed food ration p - 3 uncursed food rations Scrolls j - an uncursed scroll of identify i - an uncursed scroll of light u - an uncursed scroll of taming Potions o - an uncursed potion of extra healing l - a blessed potion of gain ability z - an uncursed potion of hallucination v - an uncursed potion of healing f - an uncursed potion of invisibility n - an uncursed potion of monster detection Tools r - an uncursed sack containing 1 item k - a +0 grappling hook e - an uncursed oil lamp Contents of the sack: an uncursed potion of hallucination Johncena the Barbarian's attributes: Background: You were a Pillager, a level 4 male human Barbarian. You were neutral, nominally on a mission for Crom who was opposed by Mitra (lawful) and Set (chaotic). You were in the Dungeons of Doom, on level 5. You entered the dungeon 2153 turns ago. It was nighttime. You had 112 experience points, 48 more were needed to attain level 5. Your score was 708 before end-of-game adjustments. Basics: You had 0 out of 54 hit points. You had all 9 energy points (spell power). Your armor class was 6. Your wallet contained 60 zorkmids. Autopickup was off. Final Characteristics: Your strength was 18/01 (limit:18/100). Your dexterity was 16 (limit:18). Your constitution was 17 (limit:18). Your intelligence was 8 (limit:18). Your wisdom was 7 (limit:18). Your charisma was 7 (limit:18). Final Status: You died from food poisoning. You were not hungry. You were unencumbered. You were wielding an axe. You had basic skill with axe. Final Attributes: You were piously aligned. You were poison resistant. You aggravated monsters. You were warded. You are dead. Miscellaneous: You never encountered a bones level. Total elapsed playing time was 14 minutes and 13 seconds. Vanquished creatures: a floating eye a kitten a kobold shaman 2 hill orcs an iguana 2 hobbits a cave spider 2 geckos 4 jackals a fox 3 goblins 2 sewer rats a grid bug a lichen a kobold zombie 3 newts 27 creatures vanquished. No species were genocided or became extinct. Voluntary challenges: You were an atheist. You were illiterate. You never engraved Elbereth. You never genocided any monsters. You never polymorphed an object. You never changed form. You used no wishes. Achievements: You entered a shop. You entered the Gnomish Mines. You attained the rank of Pillager. The Dungeons of Doom: levels 1 to 5 Level 1: Level 2: A bookstore, a fountain. Level 3: A potion shop, a fountain. Stairs down to The Gnomish Mines. Level 4: Some fountains. Level 5: <- You were here. An altar, many fountains. Final resting place for you, poisoned by a rotted kobold corpse, while helpless. The Gnomish Mines: Level 4: Game over: ---------- / \ / REST \ / IN \ / PEACE \ / \ | johncena | | 60 Au | | poisoned by a | | rotted kobold | | corpse | | | | 2022 | *| * * * | * _________)/\\_//(\/(/\)/\//\/|_)_______ Goodbye johncena the Barbarian... You were poisoned in The Dungeons of Doom on dungeon level 5 with 702 points, and 60 pieces of gold, after 2153 moves. You were level 4 with a maximum of 54 hit points when you were poisoned.